 Dungeon Crawl Stone Soup version 0.22-a0-558-gc224181 (webtiles) character file.

65 lungs the Chiller (level 4, -1/30 HPs)
             Began as a Merfolk Ice Elementalist on June 27, 2018.
             Slain by a leopard gecko (3 damage)
             ... on level 3 of the Dungeon.
             The game lasted 00:27:38 (3052 turns).

lungs the Chiller (Merfolk Ice Elementalist)        Turns: 3052, Time: 00:27:38

Health: -1/30      AC:  2    Str:  8    XL:     4   Next: 14%
Magic:  3/7        EV: 14    Int: 15    God:
Gold:   54         SH:  0    Dex: 14    Spells: 3/8 levels left

rFire    . . .     SeeInvis .   j - +0 dagger
rCold    . . .     Gourm    .   (no shield)
rNeg     . . .     Faith    .   c - +0 robe
rPois    .         Spirit   .   (no helmet)
rElec    .         Reflect  .   (no cloak)
rCorr    .         Harm     .   (no gloves)
MR       .....                  (no boots)
Stlth    ++........             k - amulet of inaccuracy (curse)
HPRegen  0.10/turn              (no ring)
MPRegen  0.10/turn              (no ring)

@: no status effects
A: change form in water, swift swim, stealthy swim
a: no special abilities


You were on level 3 of the Dungeon.
You were not hungry.

You visited 1 branch of the dungeon, and saw 3 of its levels.

You collected 54 gold pieces.

Inventory:

Hand Weapons
 i - a +0 hunting sling
 j - a +0 dagger (weapon)
Missiles
 g - 69 stones (quivered)
 h - 15 sling bullets
Armour
 c - a +0 robe (worn)
Jewellery
 a - an uncursed amulet of the acrobat
 k - a cursed amulet of inaccuracy (around neck)
 p - an uncursed ring of positive energy {unknown}
Scrolls
 b - 3 scrolls of identify
 e - a scroll of teleportation
 o - a scroll of enchant armour {unknown}
Potions
 d - a potion of curing {unknown}
 l - 2 potions of heal wounds {unknown}
 m - a potion of haste {unknown}
 n - a potion of lignification {unknown}
Comestibles
 f - a chunk of flesh


   Skills:
 + Level 3.6 Dodging
 + Level 3.1 Stealth
 + Level 2.6 Spellcasting
 - Level 0.7 Conjurations
 + Level 3.9 Ice Magic


You had 3 spell levels left.
You knew the following spells:

 Your Spells              Type           Power        Failure   Level  Hunger
a - Freeze                Ice            ##..         4%          1    #......
b - Throw Icicle          Conj/Ice       #.......     63%         4    #####..

Your spell library contained the following spells:

 Spells                   Type           Power        Failure   Level  Hunger
 Throw Frost              Conj/Ice       #.....       12%         2    ###....
 Summon Ice Beast         Ice/Summ       #.......     67%         4    #####..
 Ozocubu's Armour         Chrm/Ice       #.......     28%         3    ###....


Dungeon Overview and Level Annotations

Branches:
Dungeon (3/15)

Altars:
Cheibriados
Nemelex Xobeh


Message History

The hound skeleton misses you.
The leopard gecko hisses menacingly.
A giant cockroach and an orc come into view.
The hound skeleton bites you.
* * * LOW HITPOINT WARNING * * *
Your magical contamination has completely faded away.
The hound skeleton bites you but does no damage.
The leopard gecko barely misses you. The leopard gecko barely misses you.
Found a stone staircase leading down.
A frilled lizard and a giant cockroach come into view.
The frilled lizard hisses angrily.
The hound skeleton misses you. The leopard gecko misses you.
The hound skeleton bites you.
* * * LOW HITPOINT WARNING * * *
The leopard gecko bites you.
* * * LOW HITPOINT WARNING * * *
The hound skeleton completely misses you.
The leopard gecko bites you.
You die...

.. ## ##. .#...>
#... .....##.
##...######.#....o.
...................
#..s.............
##..l...........#
.......@.s.#..#
###.###.lZ...##
.#.........#
#.......#...#
.............#.#
.............#.#
####...........###.
...#.##.###......
##.#.....#......


You could see a leopard gecko, 2 giant cockroaches, a frilled lizard and a hound
skeleton.

Vanquished Creatures
  3 adders (D:2)
  A leopard gecko (D:2)
  4 bats
  4 giant cockroaches
  6 goblins (D:1)
  4 hobgoblins (D:1)
  2 frilled lizards (D:1)
  7 kobolds
  6 rats
37 creatures vanquished.

Notes
Turn   | Place    | Note
-------+----------+-------------------------------------------
     0 | D:1      | lungs the Merfolk Ice Elementalist began the quest for the Orb.
     0 | D:1      | Reached XP level 1. HP: 13/13 MP: 3/3
   204 | D:1      | You fall through a shaft!
   210 | D:2      | Reached XP level 2. HP: 19/19 MP: 1/5
   218 | D:2      | Found a sparkling altar of Nemelex Xobeh.
   849 | D:1      | Reached XP level 3. HP: 23/24 MP: 4/6
  1655 | D:2      | Found a snail-covered altar of Cheibriados.
  1917 | D:2      | Reached XP level 4. HP: 9/30 MP: 2/7
  2226 | D:1      | Learned a level 4 spell: Throw Icicle
  3052 | D:3      | Slain by a leopard gecko

Vault maps used:
D:1:      dpeg_arrival_short_road
D:2:      lemuel_crystal_altar, lemuel_doored_altar, minivault_24
D:3:      lightli_sewer_entry_pipes, chequers_ecumenical_altar_twisty,
          first_ration, uniq_robin

Skill      XL: |  1  2  3 |
---------------+----------+-----
Dodging        | 3 |  3.6
Stealth        | 3 |  3.1
Spellcasting   | |  2.6
Conjurations   | |  0.7
Ice Magic      | |  3.9

Action                   |  1- 3 |  4- 6 || total
-------------------------+-------+-------++-------
Melee: Unarmed           |     5 |       ||     5
       Dagger            |    15 |    33 ||    48
 Cast: Freeze            |    50 |     6 ||    56
       Throw Icicle      |       |     2 ||     2
  Use: Scroll            |       |     3 ||     3
 Stab: Sleeping          |     1 |     1 ||     2
  Eat: Chunk             |     3 |       ||     3
       Ration            |     1 |     1 ||     2
Armor: Robe              |    12 |     6 ||    18
Dodge: Dodged            |    55 |    40 ||    95

Table legend:
 A = Spawn XP
 B = Non-spawn XP
 C = Spawn XP percentage of total XP
 D = Spawn monster count
 E = Non-spawn monster count
 F = Spawn count percentage of total count
 G = Total turns spent on level
                    A         B        C        D         E        F      G
               +---------+---------+-------+---------+---------+-------+---------
         Total |       0 |      94 |   0.0 |       0 |      37 |   0.0 |  3052
               +---------+---------+-------+---------+---------+-------+---------
           D:1 |       0 |      41 |   0.0 |       0 |      26 |   0.0 |  2107
           D:2 |       0 |      51 |   0.0 |       0 |      10 |   0.0 |   884
           D:3 |       0 |       2 |   0.0 |       0 |       1 |   0.0 |    61
               +---------+---------+-------+---------+---------+-------+---------
